Kings vs Avalanche
(R1)
Created - 7 décembre 2013 at 19:01
Goals
|
| Kings |
2 |
0 |
0 |
2 |
| Avalanche |
1 |
1 |
2 |
4 |
|
Shots
|
| Kings |
11 |
3 |
15 |
29 |
| Avalanche |
13 |
16 |
12 |
41 |
|
1st period
1. Kings , Patrick Kane 9 (Anze Kopitar) at 6:32 (PP)
2. Kings , Jason Arnott 10 (Guillaume Latendresse, Patrick Kane) at 7:06
3. Avalanche , Maxim Talbot 4 (Andrew Ladd, Mike Comrie) at 8:01
Penalties :
Jason Pominville (Col) for High sticking (Minor) at 1:40, Mike Comrie (Col) for Hooking (Minor) at 5:53, Mike Comrie (Col) for Roughing (Minor) at 10:16
2nd period
4. Avalanche , Oleg Kvasha 9 (Drew Doughty, Ryan Smyth) at 14:37
Penalties :
Danny Richmond (LAK) for Hooking (Minor) at 9:30
3rd period
5. Avalanche , Rostislav Olesz 2 (Mike Comrie) at 2:06
6. Avalanche , Ryan Smyth 12 (Brian Campbell, Jason Pominville) at 11:40
Penalties :
Rostislav Olesz (Col) for Holding (Minor) at 6:44, Jay Bouwmeester (LAK) for Hooking (Minor) at 7:35, Antti Miettinen (LAK) for Hooking (Minor) at 15:17
Goalie Stats
Mike Brodeur (LAK), 37 saves from 41 shots - (0,902), L, 6-5-0, 60:00 minutes
Marty Turco (Col), 27 saves from 29 shots - (0,931), W, 8-7-1, 60:00 minutes
Players Stats for Kings
Player Name G A P +/- PIM S H SB GA TA FO MP PP MP PK MP
------------------------------------------------------------------------------------
Adrian Aucoin 0 0 0 -2 0 1 3 1 1 1 0/0 22:16 1:34 2:12
Antti Miettinen 0 0 0 -3 2 0 0 1 0 0 0/0 12:54 0:10 0:49
Anze Kopitar 0 1 1 -1 0 6 2 0 0 1 16/26 20:05 2:59 0:22
Brian McGrattan 0 0 0 0 0 2 0 0 0 0 0/0 8:28 0:07 0:00
Bryan McCabe 0 0 0 -1 0 1 1 0 0 1 0/0 21:04 0:55 0:47
Danny Richmond 0 0 0 -3 2 0 0 4 2 1 0/0 21:49 1:34 1:03
Derek Boogaard 0 0 0 -1 0 4 0 0 1 1 0/1 19:58 2:59 1:11
Derick Brassard 0 0 0 -3 0 1 1 0 0 0 4/6 10:04 0:00 0:00
Guillaume Latendresse 0 1 1 1 0 0 0 1 0 1 0/0 17:31 2:22 0:44
Jason Arnott 1 0 1 1 0 3 3 1 1 0 8/12 19:34 2:22 2:45
Jay Bouwmeester 0 0 0 -1 2 3 0 1 1 1 0/0 27:21 3:53 2:16
Jeff Schultz 0 0 0 1 0 0 1 1 0 0 0/0 15:59 0:00 3:20
Jonas Hoglund 0 0 0 -1 0 1 4 0 0 0 1/4 21:13 2:22 2:18
Patrick Kane 1 1 2 1 0 4 2 0 1 0 1/2 17:18 2:59 0:00
Randy Robitaille 0 0 0 0 0 0 4 0 0 0 0/3 8:47 0:00 1:29
Ryan Malone 0 0 0 -3 0 1 1 0 0 1 0/0 10:04 0:00 0:00
Sergei Gonchar 0 0 0 0 0 1 0 2 0 0 0/0 11:37 3:03 0:00
Steve Regier 0 0 0 0 0 1 1 0 0 0 0/0 7:58 0:00 0:00
Players Stats for Avalanche
Player Name G A P +/- PIM S H SB GA TA FO MP PP MP PK MP
------------------------------------------------------------------------------------
Andrew Ladd 0 1 1 1 0 2 1 1 0 1 1/2 12:20 0:00 2:21
Brian Campbell 0 1 1 1 0 2 0 3 0 0 0/0 20:46 3:31 0:00
Bryan Little 0 0 0 0 0 3 0 0 1 0 4/8 12:36 2:15 1:28
Chuck Kobasew 0 0 0 0 0 2 1 0 0 0 0/0 12:03 0:00 3:14
Corey Perry 0 0 0 0 0 3 1 1 0 0 0/0 14:39 2:15 0:00
Drew Doughty 0 1 1 0 0 5 0 2 0 1 0/0 20:50 3:05 2:09
Jack Johnson 0 0 0 1 0 1 0 1 0 0 0/0 21:20 1:18 2:09
Jason Pominville 0 1 1 2 2 1 2 1 1 2 3/3 20:49 2:25 0:00
Marc Staal 0 0 0 2 0 1 1 0 0 1 0/0 20:13 0:26 3:19
Matt Moulson 0 0 0 0 0 2 2 0 0 0 0/0 9:43 0:09 0:34
Maxim Talbot 1 0 1 1 0 1 2 0 2 0 2/5 11:12 0:00 1:40
Mike Comrie 0 2 2 0 4 3 2 1 0 1 3/8 16:21 1:18 1:39
Mike Mottau 0 0 0 2 0 1 0 1 1 1 0/0 15:52 0:00 0:00
Oleg Kvasha 1 0 1 2 0 4 2 0 1 0 10/24 20:50 2:25 0:00
Richard Zednik 0 0 0 1 0 0 0 0 0 0 0/1 9:54 0:09 0:00
Rostislav Olesz 1 0 1 0 2 4 1 0 0 0 0/2 14:36 2:33 0:00
Ryan Smyth 1 1 2 2 0 4 3 0 1 0 1/1 20:09 2:16 0:00
Shane O'Brien 0 0 0 0 0 2 0 1 1 0 0/0 19:07 0:00 3:19
3 Stars
1 - Ryan Smyth (Col)
2 - Patrick Kane (LAK)
3 - Oleg Kvasha (Col)
Power Play
Kings - 1 on 4 Attempt(s) - 25,00%
Avalanche - 0 on 3 Attempt(s) - 0,00%
Penalty Kill
Kings - 3 on 3 Attempt(s) - 100,00%
- Score 0 goal in Penalty Kill
Avalanche - 3 on 4 Attempt(s) - 75,00%
- Score 0 goal in Penalty Kill
Official
Referees : Kimmerly Greg and Meier Brad
Linesman : Derek Nansen and Lonnie Cameron
Game Notes
8:49 of 1st period - Avalanche goal is going for a video replay. After video review, No Goal. The goalkeeper has been pushed into the net together with the puck after making a save.
Sergei Gonchar is injured at 6:47 of 2nd period (Broken Bone (Left Ankle))
Finance
Level 1 -- Attendance: 5522 (92,03%) -- Ticket Income 463 848 $
Level 2 -- Attendance: 5000 (100,00%) -- Ticket Income 250 000 $
Level 3 -- Attendance: 2000 (100,00%) -- Ticket Income 56 000 $
Level 4 -- Attendance: 3483 (87,08%) -- Ticket Income 62 694 $
Luxury Box -- Attendance: 853 (85,30%) -- Ticket Income 142 451 $
Game was played at the Pepsi Center
Total Attendance: 16858 (93,66%)
Total Ticket Income: 974 993 $
Other Income: 146 249 $
Total Income: 1 121 242 $
Kings
5 vs 5 Forward
Center Left Wing Right Wing Time % Phy DF OF
1 Anze Kopitar Derek Boogaard Jonas Hoglund 40 1 2 2
2 Jason Arnott Guillaume Latendresse Patrick Kane 35 1 2 2
3 Derick Brassard Ryan Malone Antti Miettinen 20 1 2 2
4 Randy Robitaille Steve Regier Brian McGrattan 5 1 2 2
5 vs 5 Defense
Defense Defense Time % Phy DF OF
1 Sergei Gonchar Jay Bouwmeester 40 1 2 2
2 Danny Richmond Adrian Aucoin 35 1 2 2
3 Bryan McCabe Jeff Schultz 20 1 2 2
4 Sergei Gonchar Jay Bouwmeester 5 1 2 2
PowerPlay Forward
Center Left Wing Right Wing Time % Phy DF OF
1 Anze Kopitar Derek Boogaard Patrick Kane 60 1 2 2
2 Jason Arnott Guillaume Latendresse Jonas Hoglund 40 1 2 2
PowerPlay Defense
Defense Defense Time % Phy DF OF
1 Sergei Gonchar Jay Bouwmeester 60 1 2 2
2 Danny Richmond Adrian Aucoin 40 1 2 2
Penalty Kill 4 Players Forward
Center Wing Time % Phy DF OF
1 Jason Arnott Jonas Hoglund 60 1 2 2
2 Randy Robitaille Antti Miettinen 40 1 2 2
Penalty Kill 4 Players Defense
Defense Defense Time % Phy DF OF
1 Jeff Schultz Jay Bouwmeester 60 1 2 2
2 Danny Richmond Adrian Aucoin 40 1 2 2
Penalty Kill - 3 Players Forward
Forward Time % Phy DF OF
1 Anze Kopitar 60 1 2 2
2 Jason Arnott 40 1 2 2
Penalty Kill - 3 Players Defense
Defense Defense Time % Phy DF OF
1 Jeff Schultz Jay Bouwmeester 60 1 2 2
2 Danny Richmond Adrian Aucoin 40 1 2 2
4 vs 4 Forward
Center Wing Time % Phy DF OF
1 Anze Kopitar Jonas Hoglund 60 1 2 2
2 Jason Arnott Patrick Kane 40 1 2 2
4 vs 4 Defense
Defense Defense Time % Phy DF OF
1 Sergei Gonchar Jay Bouwmeester 60 1 2 2
2 Danny Richmond Adrian Aucoin 40 1 2 2
Last Minutes Offensive
Center Left Wing Right Wing Defense Defense
Anze Kopitar Guillaume Latendresse Patrick Kane Sergei Gonchar Jay Bouwmeester
Last Minutes Defensive
Center Left Wing Right Wing Defense Defense
Anze Kopitar Derek Boogaard Jonas Hoglund Danny Richmond Jay Bouwmeester
Goaltenders
Starting : Mike Brodeur
Backup : Antti Niemi
Extra Forwards
Normal : Antti Miettinen, Brian McGrattan, Steve Regier - PP : Antti Miettinen, Brian McGrattan - PK : Derek Boogaard
Extra Defensemen
Normal : Bryan McCabe, Jeff Schultz, Danny Richmond - PP : Bryan McCabe - PK : Jeff Schultz, Bryan McCabe
Penalty Shots
Anze Kopitar, Guillaume Latendresse, Patrick Kane, Jason Arnott, Jay Bouwmeester
Avalanche
5 vs 5 Forward
Center Left Wing Right Wing Time % Phy DF OF
1 Oleg Kvasha Ryan Smyth Jason Pominville 40 1 2 2
2 Mike Comrie Rostislav Olesz Corey Perry 30 1 2 2
3 Bryan Little Matt Moulson Chuck Kobasew 15 1 2 2
4 Maxim Talbot Andrew Ladd Richard Zednik 15 1 2 2
5 vs 5 Defense
Defense Defense Time % Phy DF OF
1 Jack Johnson Brian Campbell 35 1 2 2
2 Drew Doughty Shane O'Brien 33 1 2 2
3 Marc Staal Mike Mottau 32 1 2 2
4 Marc Staal Brian Campbell 0 1 2 2
PowerPlay Forward
Center Left Wing Right Wing Time % Phy DF OF
1 Oleg Kvasha Ryan Smyth Jason Pominville 60 1 2 2
2 Bryan Little Rostislav Olesz Corey Perry 40 1 2 2
PowerPlay Defense
Defense Defense Time % Phy DF OF
1 Drew Doughty Brian Campbell 60 1 2 2
2 Jack Johnson Mike Comrie 40 1 2 2
Penalty Kill 4 Players Forward
Center Wing Time % Phy DF OF
1 Mike Comrie Chuck Kobasew 60 1 2 2
2 Maxim Talbot Andrew Ladd 40 1 2 2
Penalty Kill 4 Players Defense
Defense Defense Time % Phy DF OF
1 Marc Staal Shane O'Brien 60 1 2 2
2 Jack Johnson Drew Doughty 40 1 2 2
Penalty Kill - 3 Players Forward
Forward Time % Phy DF OF
1 Mike Comrie 60 1 2 2
2 Jason Pominville 40 1 2 2
Penalty Kill - 3 Players Defense
Defense Defense Time % Phy DF OF
1 Marc Staal Drew Doughty 60 1 2 2
2 Jack Johnson Shane O'Brien 40 1 2 2
4 vs 4 Forward
Center Wing Time % Phy DF OF
1 Oleg Kvasha Jason Pominville 60 1 2 2
2 Mike Comrie Corey Perry 40 1 2 2
4 vs 4 Defense
Defense Defense Time % Phy DF OF
1 Marc Staal Brian Campbell 60 1 2 2
2 Jack Johnson Shane O'Brien 40 1 2 2
Last Minutes Offensive
Center Left Wing Right Wing Defense Defense
Oleg Kvasha Ryan Smyth Jason Pominville Drew Doughty Brian Campbell
Last Minutes Defensive
Center Left Wing Right Wing Defense Defense
Mike Comrie Ryan Smyth Jason Pominville Marc Staal Jack Johnson
Goaltenders
Starting : Marty Turco
Backup : Patrick Lalime
Extra Forwards
Normal : Jason Pominville, Mike Comrie, Andrew Ladd - PP : Richard Zednik, Matt Moulson - PK : Andrew Ladd
Extra Defensemen
Normal : Marc Staal, Drew Doughty, Jack Johnson - PP : Drew Doughty - PK : Drew Doughty, Jack Johnson
Penalty Shots
Bryan Little, Jason Pominville, Corey Perry, Mike Comrie, Oleg Kvasha
% Time on Ice - Kings
Lines # - Real PCT - Wanted PCT - Time Play
Normal Forward
1 - 36% - 40% - 17:21
2 - 29% - 35% - 13:52
3 - 21% - 20% - 10:04
4 - 15% - 5% - 7:18
Normal Defense
1 - 46% - 40% - 22:23
2 - 33% - 35% - 16:03
3 - 17% - 20% - 8:21
4 - 4% - 5% - 1:48
PP Forward
1 - 57% - 60% - 3:06
2 - 43% - 40% - 2:22
PP Defense
1 - 71% - 60% - 3:54
2 - 29% - 40% - 1:34
PK Forward
1 - 69% - 60% - 3:20
2 - 31% - 40% - 1:29
PK Defense
1 - 65% - 60% - 3:07
2 - 35% - 40% - 1:42
PK3 Forward
1 - 0% - 60%
2 - 0% - 40%
PK3 Defense
1 - 0% - 60%
2 - 0% - 40%
44 Forward
1 - 62% - 60% - 0:42
2 - 38% - 40% - 0:26
44 Defense
1 - 100% - 60% - 1:08
2 - 0% - 40% - 0:00
Last Minute Offensive - 0:00
Last Minute Defensive - 0:00
Total
Forward - 60:00
Defense - 60:00
|
% Time on Ice - Avalanche
Lines # - Real PCT - Wanted PCT - Time Play
Normal Forward
1 - 38% - 40% - 18:28
2 - 25% - 30% - 12:06
3 - 18% - 15% - 8:34
4 - 19% - 15% - 9:27
Normal Defense
1 - 36% - 35% - 17:18
2 - 32% - 33% - 15:25
3 - 33% - 32% - 15:52
4 - 0% - 0% - 0:00
PP Forward
1 - 53% - 60% - 2:34
2 - 47% - 40% - 2:15
PP Defense
1 - 73% - 60% - 3:31
2 - 27% - 40% - 1:18
PK Forward
1 - 79% - 60% - 4:20
2 - 21% - 40% - 1:08
PK Defense
1 - 61% - 60% - 3:19
2 - 39% - 40% - 2:09
PK3 Forward
1 - 0% - 60%
2 - 0% - 40%
PK3 Defense
1 - 0% - 60%
2 - 0% - 40%
44 Forward
1 - 71% - 60% - 0:48
2 - 29% - 40% - 0:20
44 Defense
1 - 44% - 60% - 0:30
2 - 56% - 40% - 0:38
Last Minute Offensive - 0:00
Last Minute Defensive - 0:00
Total
Forward - 60:00
Defense - 60:00
|
Play by Play
1st period
0:01 of 1st period - Oleg Kvasha wins face-off versus Anze Kopitar in neutral zone.
0:31 of 1st period - Slapshot by Corey Perry.
0:31 of 1st period - Stopped by Mike Brodeur with a rebound.
0:33 of 1st period - Slapshot by Jack Johnson.
0:33 of 1st period - Shot Blocked by Guillaume Latendresse.
0:35 of 1st period - Snap shot by Mike Comrie.
0:35 of 1st period - Stopped by Mike Brodeur without a rebound.
0:36 of 1st period - Bryan Little wins face-off versus Derick Brassard in Kings zone.
0:43 of 1st period - Backhand shot by Chuck Kobasew.
0:43 of 1st period - Stopped by Mike Brodeur with a rebound.
1:23 of 1st period - Mike Comrie is hit by Anze Kopitar and loses puck.
1:31 of 1st period - Off-side.
1:32 of 1st period - Oleg Kvasha wins face-off versus Randy Robitaille in neutral zone.
1:40 of 1st period - Minor Penalty to Jason Pominville for High sticking.
1:41 of 1st period - Mike Comrie wins face-off versus Anze Kopitar in Avalanche zone.
1:58 of 1st period - Chuck Kobasew is hit by Patrick Kane and loses puck.
2:19 of 1st period - Slapshot by Sergei Gonchar.
2:19 of 1st period - Stopped by Marty Turco with a rebound.
3:40 of 1st period - Penalty to Jason Pominville is over, Jason Pominville is back on ice.
3:52 of 1st period - Snap shot by Oleg Kvasha.
3:52 of 1st period - Stopped by Mike Brodeur with a rebound.
3:54 of 1st period - Wrist shot by Shane O'Brien.
3:54 of 1st period - Stopped by Mike Brodeur with a rebound.
3:56 of 1st period - Snap shot by Shane O'Brien.
3:56 of 1st period - Stopped by Mike Brodeur with a rebound.
3:58 of 1st period - Snap shot by Oleg Kvasha.
3:58 of 1st period - Shot Misses the Net.
4:10 of 1st period - Backhand shot by Adrian Aucoin.
4:10 of 1st period - Shot Blocked by Jack Johnson.
4:12 of 1st period - Slapshot by Danny Richmond.
4:12 of 1st period - Shot Misses the Net.
4:14 of 1st period - Slapshot by Danny Richmond.
4:14 of 1st period - Shot Blocked by Brian Campbell.
4:16 of 1st period - Snap shot by Brian McGrattan.
4:16 of 1st period - Shot Misses the Net.
4:18 of 1st period - Slapshot by Adrian Aucoin.
4:18 of 1st period - Shot Misses the Net.
4:32 of 1st period - Snap shot by Chuck Kobasew.
4:32 of 1st period - Shot Misses the Net.
5:01 of 1st period - Patrick Kane is hit by Maxim Talbot and loses puck.
5:31 of 1st period - Derek Boogaard is hit by Jason Pominville and loses puck.
5:53 of 1st period - Minor Penalty to Mike Comrie for Hooking.
5:54 of 1st period - Anze Kopitar wins face-off versus Andrew Ladd in Avalanche zone.
6:07 of 1st period - Slapshot by Patrick Kane.
6:07 of 1st period - Deflect By Derek Boogaard.
6:07 of 1st period - Stopped by Marty Turco with a rebound.
6:18 of 1st period - Off-side.
6:19 of 1st period - Jason Arnott wins face-off versus Bryan Little in neutral zone.
6:28 of 1st period - Snap shot by Jonas Hoglund.
6:28 of 1st period - Stopped by Marty Turco without a rebound.
6:29 of 1st period - Anze Kopitar wins face-off versus Maxim Talbot in Avalanche zone.
6:32 of 1st period - Snap shot by Patrick Kane.
6:32 of 1st period - Goal by Patrick Kane - Kings : 1 - Avalanche : 0.
6:33 of 1st period - Oleg Kvasha wins face-off versus Anze Kopitar in neutral zone.
6:38 of 1st period - Jay Bouwmeester is hit by Jason Pominville and loses puck.
7:00 of 1st period - Wrist shot by Jason Arnott.
7:00 of 1st period - Stopped by Marty Turco with a rebound.
7:02 of 1st period - Snap shot by Patrick Kane.
7:02 of 1st period - Shot Misses the Net.
7:04 of 1st period - Wrist shot by Guillaume Latendresse.
7:04 of 1st period - Shot Misses the Net.
7:06 of 1st period - Snap shot by Jason Arnott.
7:06 of 1st period - Goal by Jason Arnott - Kings : 2 - Avalanche : 0.
7:07 of 1st period - Anze Kopitar wins face-off versus Oleg Kvasha in neutral zone.
7:57 of 1st period - Snap shot by Andrew Ladd.
7:57 of 1st period - Shot Misses the Net.
7:59 of 1st period - Wrist shot by Andrew Ladd.
7:59 of 1st period - Shot Blocked by Danny Richmond.
8:01 of 1st period - Slapshot by Maxim Talbot.
8:01 of 1st period - Goal by Maxim Talbot - Kings : 2 - Avalanche : 1.
8:02 of 1st period - Anze Kopitar wins face-off versus Oleg Kvasha in neutral zone.
8:04 of 1st period - Off-side.
8:05 of 1st period - Anze Kopitar wins face-off versus Oleg Kvasha in neutral zone.
8:15 of 1st period - Off-side.
8:16 of 1st period - Oleg Kvasha wins face-off versus Jason Arnott in neutral zone.
8:26 of 1st period - Slapshot by Patrick Kane.
8:26 of 1st period - Stopped by Marty Turco with a rebound.
8:42 of 1st period - Jay Bouwmeester is hit by Mike Comrie and loses puck.
8:47 of 1st period - Snap shot by Corey Perry.
8:47 of 1st period - Deflect By Mike Comrie.
8:47 of 1st period - Deflect By Derek Boogaard.
8:47 of 1st period - Stopped by Mike Brodeur with a rebound.
8:49 of 1st period - Wrist shot by Corey Perry.
8:49 of 1st period - Avalanche goal is going for a video replay.
8:49 of 1st period - The goal is refused. The goalkeeper has been pushed into the net together with the puck after making a save..
8:50 of 1st period - Anze Kopitar wins face-off versus Mike Comrie in Kings zone.
8:59 of 1st period - Jack Johnson is hit by Jonas Hoglund and loses puck.
9:16 of 1st period - Oleg Kvasha is hit by Jason Arnott and loses puck.
10:16 of 1st period - Minor Penalty to Mike Comrie for Roughing.
10:17 of 1st period - Andrew Ladd wins face-off versus Anze Kopitar in Avalanche zone.
11:23 of 1st period - Shane O'Brien is hit by Jonas Hoglund and loses puck.
12:16 of 1st period - Penalty to Mike Comrie is over, Mike Comrie is back on ice.
12:56 of 1st period - Slapshot by Danny Richmond.
12:56 of 1st period - Shot Blocked by Brian Campbell.
13:52 of 1st period - Shane O'Brien is hit by Jason Arnott and loses puck.
15:08 of 1st period - Snap shot by Steve Regier.
15:08 of 1st period - Shot Blocked by Drew Doughty.
15:11 of 1st period - Icing by Drew Doughty.
15:12 of 1st period - Bryan Little wins face-off versus Jason Arnott in Avalanche zone.
15:19 of 1st period - Snap shot by Bryan Little.
15:19 of 1st period - Stopped by Mike Brodeur with a rebound.
15:21 of 1st period - Slapshot by Drew Doughty.
15:21 of 1st period - Stopped by Mike Brodeur without a rebound.
15:22 of 1st period - Oleg Kvasha wins face-off versus Anze Kopitar in Kings zone.
15:47 of 1st period - Sergei Gonchar is hit by Mike Comrie and loses puck.
15:58 of 1st period - Slapshot by Marc Staal.
15:58 of 1st period - Shot Blocked by Adrian Aucoin.
17:37 of 1st period - Wrist shot by Jonas Hoglund.
17:37 of 1st period - Shot Misses the Net.
17:39 of 1st period - Snap shot by Sergei Gonchar.
17:39 of 1st period - Shot Blocked by Shane O'Brien.
17:49 of 1st period - Slapshot by Drew Doughty.
17:49 of 1st period - Stopped by Mike Brodeur with a rebound.
17:59 of 1st period - Snap shot by Mike Comrie.
17:59 of 1st period - Shot Misses the Net.
18:33 of 1st period - Snap shot by Sergei Gonchar.
18:33 of 1st period - Shot Blocked by Jason Pominville.
18:35 of 1st period - Wrist shot by Jay Bouwmeester.
18:35 of 1st period - Stopped by Marty Turco without a rebound.
18:36 of 1st period - Oleg Kvasha wins face-off versus Randy Robitaille in Avalanche zone.
18:45 of 1st period - Snap shot by Jason Pominville.
18:45 of 1st period - Deflect By Ryan Smyth.
18:45 of 1st period - Shot Misses the Net.
18:45 of 1st period - Puck is out of play.
18:46 of 1st period - Anze Kopitar wins face-off versus Oleg Kvasha in Kings zone.
18:46 of 1st period - Anze Kopitar is hit by Ryan Smyth.
18:54 of 1st period - Snap shot by Anze Kopitar.
18:54 of 1st period - Stopped by Marty Turco without a rebound.
18:55 of 1st period - Anze Kopitar wins face-off versus Oleg Kvasha in Avalanche zone.
19:14 of 1st period - Wrist shot by Anze Kopitar.
19:14 of 1st period - Stopped by Marty Turco with a rebound.
19:16 of 1st period - Slapshot by Jay Bouwmeester.
19:16 of 1st period - Stopped by Marty Turco without a rebound.
19:17 of 1st period - Jason Arnott wins face-off versus Mike Comrie in Avalanche zone.
19:45 of 1st period - Wrist shot by Ryan Smyth.
19:45 of 1st period - Stopped by Mike Brodeur with a rebound.
2nd period
0:01 of 2nd period - Oleg Kvasha wins face-off versus Anze Kopitar in neutral zone.
0:28 of 2nd period - Snap shot by Corey Perry.
0:28 of 2nd period - Shot Blocked by Sergei Gonchar.
0:30 of 2nd period - Snap shot by Rostislav Olesz.
0:30 of 2nd period - Stopped by Mike Brodeur with a rebound.
0:36 of 2nd period - Snap shot by Rostislav Olesz.
0:36 of 2nd period - Shot Misses the Net.
1:30 of 2nd period - Wrist shot by Marc Staal.
1:30 of 2nd period - Stopped by Mike Brodeur with a rebound.
1:34 of 2nd period - Snap shot by Jason Pominville.
1:34 of 2nd period - Shot Blocked by Danny Richmond.
1:36 of 2nd period - Slapshot by Mike Mottau.
1:36 of 2nd period - Deflect By Adrian Aucoin.
1:36 of 2nd period - Stopped by Mike Brodeur without a rebound.
1:37 of 2nd period - Patrick Kane wins face-off versus Mike Comrie in Kings zone.
2:02 of 2nd period - Adrian Aucoin is hit by Oleg Kvasha and loses puck.
2:36 of 2nd period - Wrist shot by Derick Brassard.
2:36 of 2nd period - Shot Misses the Net.
2:49 of 2nd period - Maxim Talbot is hit by Ryan Malone and loses puck.
3:04 of 2nd period - Slapshot by Andrew Ladd.
3:04 of 2nd period - Stopped by Mike Brodeur with a rebound.
3:06 of 2nd period - Snap shot by Maxim Talbot.
3:06 of 2nd period - Shot Misses the Net.
3:08 of 2nd period - Wrist shot by Jack Johnson.
3:08 of 2nd period - Shot Misses the Net.
3:10 of 2nd period - Slapshot by Jack Johnson.
3:10 of 2nd period - Deflect By Andrew Ladd.
3:10 of 2nd period - Shot Blocked by Antti Miettinen.
3:10 of 2nd period - Puck is out of play.
3:11 of 2nd period - Anze Kopitar wins face-off versus Oleg Kvasha in Kings zone.
3:38 of 2nd period - Drew Doughty is hit by Jason Arnott and loses puck.
4:56 of 2nd period - Jeff Schultz is hit by Chuck Kobasew and loses puck.
5:01 of 2nd period - Wrist shot by Bryan Little.
5:01 of 2nd period - Stopped by Mike Brodeur with a rebound.
5:11 of 2nd period - Snap shot by Patrick Kane.
5:11 of 2nd period - Stopped by Marty Turco without a rebound.
5:12 of 2nd period - Jason Pominville wins face-off versus Jason Arnott in Avalanche zone.
5:37 of 2nd period - Jack Johnson is hit by Jonas Hoglund and loses puck.
6:04 of 2nd period - Snap shot by Steve Regier.
6:04 of 2nd period - Stopped by Marty Turco with a rebound.
6:16 of 2nd period - Bryan Little is hit by Jeff Schultz and loses puck.
6:41 of 2nd period - Wrist shot by Chuck Kobasew.
6:41 of 2nd period - Stopped by Mike Brodeur without a rebound.
6:42 of 2nd period - Jason Pominville wins face-off versus Jonas Hoglund in Kings zone.
6:45 of 2nd period - Snap shot by Ryan Smyth.
6:45 of 2nd period - Stopped by Mike Brodeur with a rebound.
6:47 of 2nd period - Snap shot by Oleg Kvasha.
6:47 of 2nd period - Deflect By Jason Pominville.
6:47 of 2nd period - Shot Blocked by Sergei Gonchar.
6:47 of 2nd period - Sergei Gonchar from Kings is injured at 6:47 of 2nd period (Broken Bone (Left Ankle)).
6:48 of 2nd period - Anze Kopitar wins face-off versus Oleg Kvasha in Kings zone.
7:57 of 2nd period - Slapshot by Jason Pominville.
7:57 of 2nd period - Shot Misses the Net.
8:11 of 2nd period - Wrist shot by Oleg Kvasha.
8:11 of 2nd period - Shot Blocked by Danny Richmond.
8:13 of 2nd period - Slapshot by Jason Pominville.
8:13 of 2nd period - Shot Misses the Net.
8:15 of 2nd period - Wrist shot by Ryan Smyth.
8:15 of 2nd period - Shot Blocked by Danny Richmond.
8:17 of 2nd period - Snap shot by Drew Doughty.
8:17 of 2nd period - Shot Misses the Net.
8:19 of 2nd period - Snap shot by Drew Doughty.
8:19 of 2nd period - Stopped by Mike Brodeur without a rebound.
8:20 of 2nd period - Anze Kopitar wins face-off versus Mike Comrie in Kings zone.
8:45 of 2nd period - Corey Perry is hit by Steve Regier and loses puck.
8:54 of 2nd period - Wrist shot by Brian McGrattan.
8:54 of 2nd period - Stopped by Marty Turco with a rebound.
8:56 of 2nd period - Snap shot by Randy Robitaille.
8:56 of 2nd period - Shot Hit the Post.
8:58 of 2nd period - Backhand shot by Bryan McCabe.
8:58 of 2nd period - Shot Blocked by Mike Comrie.
9:10 of 2nd period - Snap shot by Andrew Ladd.
9:10 of 2nd period - Stopped by Mike Brodeur without a rebound.
9:11 of 2nd period - Derick Brassard wins face-off versus Maxim Talbot in Kings zone.
9:11 of 2nd period - Derick Brassard is hit by Andrew Ladd.
9:21 of 2nd period - Slapshot by Maxim Talbot.
9:21 of 2nd period - Shot Misses the Net.
9:23 of 2nd period - Slapshot by Brian Campbell.
9:23 of 2nd period - Stopped by Mike Brodeur without a rebound.
9:24 of 2nd period - Maxim Talbot wins face-off versus Derek Boogaard in Kings zone.
9:30 of 2nd period - Minor Penalty to Danny Richmond for Hooking.
9:31 of 2nd period - Jason Arnott wins face-off versus Oleg Kvasha in Kings zone.
9:40 of 2nd period - Slapshot by Drew Doughty.
9:40 of 2nd period - Stopped by Mike Brodeur without a rebound.
9:41 of 2nd period - Jason Arnott wins face-off versus Oleg Kvasha in Kings zone.
10:39 of 2nd period - Snap shot by Jason Pominville.
10:39 of 2nd period - Shot Misses the Net.
10:41 of 2nd period - Slapshot by Brian Campbell.
10:41 of 2nd period - Deflect By Adrian Aucoin.
10:41 of 2nd period - Stopped by Mike Brodeur without a rebound.
10:42 of 2nd period - Jason Arnott wins face-off versus Bryan Little in Kings zone.
11:07 of 2nd period - Bryan Little is hit by Randy Robitaille and loses puck.
11:30 of 2nd period - Penalty to Danny Richmond is over, Danny Richmond is back on ice.
11:30 of 2nd period - Jay Bouwmeester is hit by Ryan Smyth and loses puck.
11:45 of 2nd period - Snap shot by Antti Miettinen.
11:45 of 2nd period - Shot Misses the Net.
11:47 of 2nd period - Slapshot by Bryan McCabe.
11:47 of 2nd period - Deflect By Derick Brassard.
11:47 of 2nd period - Shot Blocked by Drew Doughty.
11:47 of 2nd period - Puck is out of play.
11:48 of 2nd period - Maxim Talbot wins face-off versus Derick Brassard in Avalanche zone.
12:34 of 2nd period - Jay Bouwmeester is hit by Rostislav Olesz and loses puck.
13:03 of 2nd period - Mike Mottau is hit by Bryan McCabe and loses puck.
13:16 of 2nd period - Marc Staal is hit by Adrian Aucoin and loses puck.
14:18 of 2nd period - Andrew Ladd is hit by Randy Robitaille and loses puck.
14:35 of 2nd period - Slapshot by Drew Doughty.
14:35 of 2nd period - Stopped by Mike Brodeur with a rebound.
14:37 of 2nd period - Snap shot by Oleg Kvasha.
14:37 of 2nd period - Goal by Oleg Kvasha - Kings : 2 - Avalanche : 2.
14:38 of 2nd period - Anze Kopitar wins face-off versus Oleg Kvasha in neutral zone.
14:53 of 2nd period - Jonas Hoglund is hit by Marc Staal and loses puck.
16:06 of 2nd period - Jack Johnson is hit by Jonas Hoglund and loses puck.
16:27 of 2nd period - Mike Mottau is hit by Adrian Aucoin and loses puck.
16:54 of 2nd period - Wrist shot by Matt Moulson.
16:54 of 2nd period - Stopped by Mike Brodeur without a rebound.
16:55 of 2nd period - Anze Kopitar wins face-off versus Bryan Little in Kings zone.
16:55 of 2nd period - Anze Kopitar is hit by Matt Moulson.
17:05 of 2nd period - Jeff Schultz is hit by Matt Moulson and loses puck.
17:10 of 2nd period - Slapshot by Matt Moulson.
17:10 of 2nd period - Shot Hit the Post.
18:08 of 2nd period - Snap shot by Bryan Little.
18:08 of 2nd period - Stopped by Mike Brodeur without a rebound.
18:09 of 2nd period - Bryan Little wins face-off versus Jason Arnott in Kings zone.
18:34 of 2nd period - Anze Kopitar is hit by Ryan Smyth and loses puck.
19:01 of 2nd period - Adrian Aucoin is hit by Corey Perry and loses puck.
3rd period
0:01 of 3rd period - Anze Kopitar wins face-off versus Oleg Kvasha in neutral zone.
0:41 of 3rd period - Off-side.
0:42 of 3rd period - Derick Brassard wins face-off versus Maxim Talbot in neutral zone.
0:55 of 3rd period - Snap shot by Ryan Malone.
0:55 of 3rd period - Shot Blocked by Andrew Ladd.
0:57 of 3rd period - Snap shot by Ryan Malone.
0:57 of 3rd period - Stopped by Marty Turco with a rebound.
1:09 of 3rd period - Wrist shot by Patrick Kane.
1:09 of 3rd period - Stopped by Marty Turco with a rebound.
1:11 of 3rd period - Snap shot by Guillaume Latendresse.
1:11 of 3rd period - Shot Misses the Net.
1:13 of 3rd period - Snap shot by Jason Arnott.
1:13 of 3rd period - Stopped by Marty Turco without a rebound.
1:14 of 3rd period - Jason Arnott wins face-off versus Oleg Kvasha in Avalanche zone.
1:22 of 3rd period - Wrist shot by Oleg Kvasha.
1:22 of 3rd period - Stopped by Mike Brodeur without a rebound.
1:23 of 3rd period - Jonas Hoglund wins face-off versus Oleg Kvasha in Kings zone.
2:04 of 3rd period - Wrist shot by Jason Pominville.
2:04 of 3rd period - Stopped by Mike Brodeur without a rebound.
2:05 of 3rd period - Mike Comrie wins face-off versus Jonas Hoglund in Kings zone.
2:06 of 3rd period - Snap shot by Rostislav Olesz.
2:06 of 3rd period - Goal by Rostislav Olesz - Kings : 2 - Avalanche : 3.
2:07 of 3rd period - Jason Pominville wins face-off versus Anze Kopitar in neutral zone.
2:10 of 3rd period - Snap shot by Ryan Smyth.
2:10 of 3rd period - Deflect By Anze Kopitar.
2:10 of 3rd period - Shot Misses the Net.
2:10 of 3rd period - Puck is out of play.
2:11 of 3rd period - Ryan Smyth wins face-off versus Anze Kopitar in Kings zone.
4:25 of 3rd period - Wrist shot by Chuck Kobasew.
4:25 of 3rd period - Shot Misses the Net.
4:53 of 3rd period - Adrian Aucoin is hit by Maxim Talbot and loses puck.
5:06 of 3rd period - Oleg Kvasha is hit by Patrick Kane and loses puck.
5:46 of 3rd period - Wrist shot by Derick Brassard.
5:46 of 3rd period - Stopped by Marty Turco with a rebound.
5:54 of 3rd period - Snap shot by Bryan Little.
5:54 of 3rd period - Shot Misses the Net.
6:12 of 3rd period - Steve Regier is hit by Oleg Kvasha and loses puck.
6:41 of 3rd period - Icing by Derek Boogaard.
6:42 of 3rd period - Derick Brassard wins face-off versus Rostislav Olesz in Kings zone.
6:44 of 3rd period - Minor Penalty to Rostislav Olesz for Holding.
6:45 of 3rd period - Anze Kopitar wins face-off versus Mike Comrie in Avalanche zone.
7:35 of 3rd period - Minor Penalty to Jay Bouwmeester for Hooking.
7:36 of 3rd period - Oleg Kvasha wins face-off versus Jonas Hoglund in Kings zone.
8:44 of 3rd period - Penalty to Rostislav Olesz is over, Rostislav Olesz is back on ice.
8:46 of 3rd period - Brian Campbell is hit by Anze Kopitar and loses puck.
9:31 of 3rd period - Slapshot by Mike Comrie.
9:31 of 3rd period - Shot Blocked by Jeff Schultz.
9:35 of 3rd period - Penalty to Jay Bouwmeester is over, Jay Bouwmeester is back on ice.
10:30 of 3rd period - Maxim Talbot is hit by Randy Robitaille and loses puck.
10:43 of 3rd period - Rostislav Olesz is hit by Derick Brassard and loses puck.
10:58 of 3rd period - Slapshot by Anze Kopitar.
10:58 of 3rd period - Stopped by Marty Turco with a rebound.
11:00 of 3rd period - Snap shot by Jay Bouwmeester.
11:00 of 3rd period - Shot Misses the Net.
11:02 of 3rd period - Snap shot by Brian McGrattan.
11:02 of 3rd period - Shot Blocked by Mike Mottau.
11:19 of 3rd period - Snap shot by Mike Comrie.
11:19 of 3rd period - Stopped by Mike Brodeur with a rebound.
11:21 of 3rd period - Slapshot by Mike Comrie.
11:21 of 3rd period - Deflect By Corey Perry.
11:21 of 3rd period - Stopped by Mike Brodeur with a rebound.
11:23 of 3rd period - Snap shot by Rostislav Olesz.
11:23 of 3rd period - Stopped by Mike Brodeur with a rebound.
11:25 of 3rd period - Wrist shot by Rostislav Olesz.
11:25 of 3rd period - Stopped by Mike Brodeur without a rebound.
11:26 of 3rd period - Derick Brassard wins face-off versus Oleg Kvasha in Kings zone.
11:38 of 3rd period - Snap shot by Ryan Smyth.
11:38 of 3rd period - Shot Blocked by Jay Bouwmeester.
11:40 of 3rd period - Slapshot by Brian Campbell.
11:40 of 3rd period - Deflect By Ryan Smyth.
11:40 of 3rd period - Goal by Ryan Smyth - Kings : 2 - Avalanche : 4.
11:41 of 3rd period - Oleg Kvasha wins face-off versus Anze Kopitar in neutral zone.
11:50 of 3rd period - Off-side.
11:51 of 3rd period - Oleg Kvasha wins face-off versus Anze Kopitar in neutral zone.
11:54 of 3rd period - Slapshot by Jack Johnson.
11:54 of 3rd period - Stopped by Mike Brodeur with a rebound.
12:47 of 3rd period - Slapshot by Anze Kopitar.
12:47 of 3rd period - Stopped by Marty Turco with a rebound.
12:49 of 3rd period - Wrist shot by Jonas Hoglund.
12:49 of 3rd period - Shot Blocked by Brian Campbell.
12:51 of 3rd period - Wrist shot by Derek Boogaard.
12:51 of 3rd period - Stopped by Marty Turco with a rebound.
13:35 of 3rd period - Slapshot by Anze Kopitar.
13:35 of 3rd period - Shot Misses the Net.
13:37 of 3rd period - Slapshot by Bryan McCabe.
13:37 of 3rd period - Stopped by Marty Turco with a rebound.
13:39 of 3rd period - Snap shot by Derek Boogaard.
13:39 of 3rd period - Stopped by Marty Turco with a rebound.
13:41 of 3rd period - Snap shot by Jonas Hoglund.
13:41 of 3rd period - Shot Misses the Net.
13:43 of 3rd period - Snap shot by Derek Boogaard.
13:43 of 3rd period - Deflect By Anze Kopitar.
13:43 of 3rd period - Stopped by Marty Turco with a rebound.
13:45 of 3rd period - Snap shot by Jay Bouwmeester.
13:45 of 3rd period - Deflect By Ryan Smyth.
13:45 of 3rd period - Stopped by Marty Turco with a rebound.
13:47 of 3rd period - Snap shot by Derek Boogaard.
13:47 of 3rd period - Stopped by Marty Turco with a rebound.
13:49 of 3rd period - Wrist shot by Jonas Hoglund.
13:49 of 3rd period - Deflect By Anze Kopitar.
13:49 of 3rd period - Stopped by Marty Turco without a rebound.
13:50 of 3rd period - Mike Comrie wins face-off versus Patrick Kane in Avalanche zone.
13:54 of 3rd period - Icing by Rostislav Olesz.
13:55 of 3rd period - Jason Arnott wins face-off versus Rostislav Olesz in Avalanche zone.
14:32 of 3rd period - Slapshot by Adrian Aucoin.
14:32 of 3rd period - Stopped by Marty Turco with a rebound.
14:44 of 3rd period - Mike Mottau is hit by Randy Robitaille and loses puck.
15:10 of 3rd period - Wrist shot by Rostislav Olesz.
15:10 of 3rd period - Shot Blocked by Jason Arnott.
15:17 of 3rd period - Minor Penalty to Antti Miettinen for Hooking.
15:18 of 3rd period - Jason Arnott wins face-off versus Bryan Little in Kings zone.
16:09 of 3rd period - Icing by Bryan Little.
16:10 of 3rd period - Bryan Little wins face-off versus Randy Robitaille in Avalanche zone.
16:37 of 3rd period - Bryan Little is hit by Adrian Aucoin.
17:17 of 3rd period - Penalty to Antti Miettinen is over, Antti Miettinen is back on ice.
17:29 of 3rd period - Icing by Jeff Schultz.
17:30 of 3rd period - Anze Kopitar wins face-off versus Richard Zednik in Kings zone.
18:05 of 3rd period - Wrist shot by Ryan Smyth.
18:05 of 3rd period - Stopped by Mike Brodeur with a rebound.
18:23 of 3rd period - Wrist shot by Jonas Hoglund.
18:23 of 3rd period - Shot Blocked by Corey Perry.
18:25 of 3rd period - Snap shot by Jonas Hoglund.
18:25 of 3rd period - Deflect By Brian McGrattan.
18:25 of 3rd period - Stopped by Marty Turco with a rebound.
18:35 of 3rd period - Slapshot by Matt Moulson.
18:35 of 3rd period - Stopped by Mike Brodeur with a rebound.
18:53 of 3rd period - Snap shot by Oleg Kvasha.
18:53 of 3rd period - Stopped by Mike Brodeur with a rebound.
Output by the SimonT Hockey Simulator (STHS) for François Prévost -- Original Page W3C XHTML 1.0 Valid